 Dungeon Crawl Stone Soup version 0.16.0-12-g7215832 (webtiles) character file.

74 cptnsdns the Cutter (level 4, 0/37 HPs)
             Began as a Human Berserker on Mar 18, 2015.
             Was a Believer of Trog.
             Slain by an orc
             ... wielding a +1 mace of protection
              (2 damage)
             ... on level 3 of the Dungeon.
             The game lasted 00:18:42 (1420 turns).

cptnsdns the Cutter (Human Berserker)               Turns: 1420, Time: 00:18:42

Health: 0/37       AC:  2    Str: 19    XL:     4   Next: 52%
Magic:  4/4        EV: 12    Int:  7    God:    Trog [**....]
Gold:   106        SH:  0    Dex: 12    Spells: 0 memorised, 3 levels left

rFire  . . .     SeeInvis .     a - +0 short sword
rCold  . . .     Clarity  .     b - +0 animal skin
rNeg   . . .     SustAb   .     (no shield)
rPois  .         Gourm    .     (no helmet)
rElec  .         Spirit   .     (no cloak)
rCorr  .         Warding  .     (no gloves)
rMut   .         Stasis   .     (no boots)
MR     .....                    (no amulet)
Stlth  +.........               (no ring)
                                (no ring)

@: lethally poisoned (0 -> -3), exhausted, slowed, very slow, not resistant to
hostile enchantments, very unstealthy
A: no striking features
a: Burn Spellbooks, Berserk, Trog's Hand, Renounce Religion


You were on level 3 of the Dungeon.
You worshipped Trog.
Trog was pleased with you.
You were not hungry.

You visited 1 branch of the dungeon, and saw 3 of its levels.

You collected 106 gold pieces.

Inventory:

Hand weapons
 a - a +0 short sword (weapon)
 k - a +2 vampiric rapier
 m - a +0 hand crossbow of freezing
Missiles
 l - 18 poisoned needles (quivered)
 q - 32 bolts
Armour
 b - a +0 animal skin (worn)
 h - a +0 robe
Jewellery
 e - an uncursed amulet of faith {unknown}
 p - an uncursed ring of stealth {unknown}
Scrolls
 d - a scroll of enchant weapon {unknown}
 o - a scroll of recharging {unknown}
 r - a scroll of identify {unknown}
 s - a scroll of fear {unknown}
 t - a scroll of amnesia {unknown}
Potions
 f - a potion of cure mutation {unknown}
 i - a potion of curing {unknown}
 j - a potion of magic {unknown}
 n - a potion of poison {unknown}
Comestibles
 c - 2 bread rations
 g - a meat ration


   Skills:
 + Level 3.7 Fighting
 + Level 3.9 Short Blades
 + Level 0.2 Crossbows
 + Level 2.2 Armour
 + Level 2.6 Dodging


You had 3 spell levels left.
You didn't know any spells.

Dungeon Overview and Level Annotations

Branches:
Dungeon (3/15)

Altars:
Yredelemnul
Zin


Message History

You puncture the orc!!
You kill the orc!
Trog accepts your kill.
You feel a strong urge to attack something.
You are no longer berserk.
You are exhausted.
You feel yourself slow down.
You feel sick.
The orc wizard gestures wildly while chanting.
The orc wizard flickers and vanishes!
Deactivating autopickup; reactivate with Ctrl-A.
Autopickup is now on.
The orc hits you with a mace of protection.
* * * LOW HITPOINT WARNING * * *
Unknown command.
You feel sick.
Deactivating autopickup; reactivate with Ctrl-A.
The puff of flame hits you!
* * * LOW HITPOINT WARNING * * *
The orc hits you with a mace of protection.
You die...

.........
......>.r..
..$.#.....#
......?$.#
####.##.##{#
.......#(#)#####.#
..# #...#......#
#.# ###o##.#.##.#
#.# #...@..# # #.#
#......# ##.##
#......# ...#
#......###.. #..#
#........... ##..#
##.#######.#
#...####.#.#
#.#.......#.#
#<#..#.##.......


You could see an orc.

Vanquished Creatures
  2 adders
  A worm (D:2)
  An ooze (D:1)
  2 orcs (D:3)
  2 ball pythons
  2 bats
  5 goblins
  6 hobgoblins
  6 jackals
  9 kobolds
  A quokka (D:3)
  2 giant cockroaches
  A giant newt (D:1)
  A rat (D:1)
41 creatures vanquished.

Notes
Turn   | Place    | Note
--------------------------------------------------------------
     0 | D:1      | cptnsdns, the Human Berserker, began the quest for the Orb.
     0 | D:1      | Reached XP level 1. HP: 18/18 MP: 1/1
   101 | D:1      | Reached XP level 2. HP: 9/24 MP: 2/2
   757 | D:1      | Acquired Trog's second power
   763 | D:1      | Reached XP level 3. HP: 16/29 MP: 3/3
  1126 | D:2      | Found a glowing silver altar of Zin.
  1364 | D:2      | Reached XP level 4. HP: 31/35 MP: 4/4
  1391 | D:3      | Found a basalt altar of Yredelemnul.
  1420 | D:3      | Slain by an orc

Action                   |  1- 3 |  4- 6 || total
-------------------------+-------+-------++-------
Melee: Short sword       |    89 |     9 ||    98
 Fire: Hand crossbow     |     7 |       ||     7
Invok: Berserk           |       |     1 ||     1
  Eat: Meat ration       |     1 |       ||     1
